 Dungeon Crawl Stone Soup version 0.23-a0-837-ga3e6480 (webtiles) character file.

2016 ohad the Cleaver (level 9, -6/68 HPs)
             Began as a Hill Orc Gladiator on Jan 24, 2019.
             Was a Priest of Makhleb.
             Mangled by a hellwing (11 damage)
             ... summoned by the player character
             ... on level 5 of the Dungeon.
             The game lasted 00:21:14 (6405 turns).

ohad the Cleaver (Hill Orc Gladiator)               Turns: 6405, Time: 00:21:16

Health: -6/68      AC:  9    Str: 17    XL:     9   Next: 22%
Magic:  11/11      EV:  7    Int:  8    God:    Makhleb [***...]
Gold:   335        SH:  0    Dex: 15    Spells: 8/8 levels left

rFire    . . .     SeeInvis .   a - +0 war axe
rCold    . . .     Gourm    .   (no shield)
rNeg     . . .     Faith    .   w - +0 chain mail
rPois    .         Spirit   .   c - +0 helmet
rElec    .         Reflect  .   (no cloak)
rCorr    .         Harm     .   (no gloves)
MR       .....                  (no boots)
Stlth    ..........             (no amulet)
HPRegen  0.21/turn              (no ring)
MPRegen  0.12/turn              (no ring)

@: no status effects
A: no striking features
a: Minor Destruction, Lesser Servant of Makhleb, Renounce Religion


You were on level 5 of the Dungeon.
You worshipped Makhleb.
Makhleb was most pleased with you.
You were not hungry.

You visited 1 branch of the dungeon, and saw 5 of its levels.
You also visited: Sewer.

You collected 335 gold pieces.

Inventory:

Hand Weapons
 a - a +0 war axe (weapon)
 e - a +0 flail
 j - a +0 blowgun
 s - a +2 whip of electrocution
Missiles
 l - 35 poisoned needles
 y - 5 javelins (quivered)
Armour
 b - a +0 leather armour
 c - a +0 helmet (worn)
 m - a +0 ring mail
 w - a +0 chain mail (worn)
Jewellery
 d - an uncursed amulet of rage {unknown}
 r - a +2 ring of dexterity {unknown}
 v - a +5 ring of protection {unknown}
Wands
 p - a wand of disintegration (9)
Scrolls
 g - 4 scrolls of teleportation
 i - 10 scrolls of identify
 q - a scroll of blinking
 x - 4 scrolls of enchant weapon {unknown}
Potions
 h - 2 potions of might
 k - 7 potions of flight
 n - 2 potions of curing
 o - a potion of lignification
 t - a potion of heal wounds
 u - a potion of degeneration {unknown}
 z - 2 potions of agility {unknown}
Comestibles
 f - 4 rations


   Skills:
 - Level 2.4 Fighting
 - Level 14.6 Axes
 - Level 1.7 Throwing
 - Level 2.4 Dodging
 + Level 3.0 Invocations


You had 8 spell levels left.
You didn't know any spells.
Your spell library was empty.

Dungeon Overview and Level Annotations

Branches:
Dungeon (5/15)             Temple (0/1) D:4

Altars:
Dithmenos
Elyvilon
Gozag
Makhleb
Ru
Wu Jian
Yredelemnul


Message History

The ogre is moderately wounded.
The ogre hits you with a +0 giant club!!
* * * LOW HITPOINT WARNING * * *
A demon appears!
It doesn't seem very happy.
The crimson imp blinks!
Found a jewelled silver wand.
The ogre barely misses you.
The hellwing swoops through the air toward you!
The hellwing barely misses you. The hellwing hits you.
* * * LOW HITPOINT WARNING * * *
The hellwing hits you!
* * * LOW HITPOINT WARNING * * *
The hellwing closely misses you.
You see here a fuming cyan potion.
You feel much better.
The ogre hits you with a +0 giant club!!
* * * LOW HITPOINT WARNING * * *
The hellwing hits you!
You die...

#<....#
#..5..#
#####..(.#
##..##....#
#...##..<.#
#...##..(.#
#.......(.#
##4O##....#
#.@##....#
#.........#
#.........#
#.........#
#.........#
#.../.....#
##..####+##
####


You could see a hellwing and an ogre.

Vanquished Creatures
  Pikel (D:4)
  Sigmund (D:4)
  2 slaves
  A sky beast (D:5)
  6 ogres
  A centaur (D:5)
  A crimson imp (D:5)
  A bullfrog skeleton (D:5)
  7 orc priests
  An orc wizard (D:4)
  2 worker ants
  Natasha (thrice) (D:3)
  A merfolk siren (Sewer)
  A merfolk avatar (Sewer)
  12 adders
  A river rat (Sewer)
  An ooze (D:3)
  An adder skeleton (D:4)
  2 worms
  2 dart slugs
  7 leopard geckos
  11 orcs
  4 ball pythons
  10 bats
  8 giant cockroaches
  10 goblins
  4 hobgoblins
  3 jackals (D:5)
  5 quokkas
  12 frilled lizards
  6 kobolds
  A leopard gecko skeleton (D:4)
  31 rats
160 creatures vanquished.

Vanquished Creatures (others)
  An adder (D:4)
  A dart slug (D:4)
  2 orcs (D:4)
4 creatures vanquished.

Grand Total: 164 creatures vanquished

Notes
Turn   | Place    | Note
-------+----------+-------------------------------------------
     0 | D:1      | ohad the Hill Orc Gladiator began the quest for the Orb.
     0 | D:1      | Reached XP level 1. HP: 18/18 MP: 1/1
   220 | D:1      | Reached XP level 2. HP: 25/25 MP: 2/2
   437 | D:1      | Reached skill level 5 in Axes
   785 | D:2      | Reached XP level 3. HP: 26/30 MP: 3/3
   897 | D:2      | Reached skill level 6 in Axes
  1122 | D:2      | Reached XP level 4. HP: 35/37 MP: 4/4
  1470 | D:2      | Found a sacrificial altar of Ru.
  1470 | D:2      | Found a burning altar of Makhleb.
  1471 | D:2      | Found an opulent altar of Gozag.
  1479 | D:2      | Became a worshipper of Makhleb the Destroyer
  1844 | D:3      | Reached skill level 7 in Axes
  1861 | D:3      | Reached XP level 5. HP: 39/42 MP: 5/5
  1865 | D:3      | Reached skill level 8 in Axes
  1947 | D:3      | Found a glowing drain.
  1957 | Sewer    | Entered a sewer
  1977 | Sewer    | Noticed a malarious merfolk avatar
  1985 | Sewer    | Reached * piety under Makhleb
  2014 | Sewer    | Reached XP level 6. HP: 17/50 MP: 6/6
  2112 | Sewer    | Reached skill level 9 in Axes
  2704 | D:3      | Reached ** piety under Makhleb
  3309 | D:3      | Noticed Natasha
  3319 | D:3      | Killed Natasha
  3319 | D:3      | Reached skill level 10 in Axes
  3319 | D:3      | Reached XP level 7. HP: 49/56 MP: 7/7
  3378 | D:3      | Noticed Natasha
  3382 | D:3      | Killed Natasha
  3416 | D:3      | Found an ornate altar of the Wu Jian Council.
  3523 | D:4      | Noticed Pikel
  4039 | D:3      | Noticed Natasha
  4229 | D:4      | Found a staircase to the Ecumenical Temple.
  4365 | D:4      | Killed Pikel
  4365 | D:4      | Reached skill level 12 in Axes
  4365 | D:4      | Reached XP level 8. HP: 30/62 MP: 8/8
  4743 | D:3      | Killed Natasha
  5081 | D:4      | Reached skill level 13 in Axes
  5280 | D:4      | Noticed Sigmund
  5298 | D:4      | Killed Sigmund
  5613 | D:4      | Reached skill level 14 in Axes
  5727 | D:4      | Found a shadowy altar of Dithmenos.
  5789 | D:5      | Entered Level 5 of the Dungeon
  5800 | D:4      | Reached XP level 9. HP: 66/68 MP: 9/9
  6008 | D:5      | Reached *** piety under Makhleb
  6255 | D:5      | Found a white marble altar of Elyvilon.
  6327 | D:5      | Found a basalt altar of Yredelemnul.
  6400 | D:5      | Noticed a hellwing
  6405 | D:5      | Mangled by a hellwing

Vault maps used:
D:1:      lightli_arrival_flooded_house, chequers_garden, chequers_avenue
D:2:      minitemple, minmay_statues_item
D:3:      nicolae_overflow_crystal_walls, portal_sewer_entry_f, uniq_natasha
D:4:      lemuel_coloured_pillars_altar, temple_statues, first_ration,
          uniq_pikel, uniq_sigmund
D:5:      kennysheep_ying_yang
Sewer:    sewer_sea

Skill      XL: |  1  2  3  4  5  6  7  8  9 |
---------------+----------------------------+-----
Axes           | 5 6 7 8 10 12 14 | 14.6
Invocations    | 3 |  3.0
Fighting       | |  2.4
Throwing       | |  1.7
Dodging        | |  2.4

Action                   |  1- 3 |  4- 6 |  7- 9 || total
-------------------------+-------+-------+-------++-------
Melee: War axe           |    80 |   227 |   188 ||   495
 Fire: Blowgun           |       |     5 |     3 ||     8
Throw: Throwing net      |       |     2 |     2 ||     4
Invok: Lesser Servant of |       |       |     1 ||     1
  Use: Scroll            |     6 |     2 |       ||     8
       Potion            |       |     5 |     3 ||     8
  Eat: Chunk             |     1 |     7 |    10 ||    18
Armor: Leather armour    |    11 |       |       ||    11
       Ring mail         |    27 |    87 |    22 ||   136
       Skin              |       |    20 |       ||    20
       Chain mail        |       |       |    26 ||    26
Dodge: Dodged            |    65 |   134 |    80 ||   279

Table legend:
 A = Non-vault XP
 B = Vault XP
 C = Vault XP percentage of total XP
 D = Non-vault monster count
 E = Vault monster count
 F = Vault count percentage of total count
                 A         B        C        D         E       F
            +---------+---------+-------+---------+---------+-------
      Total |    1813 |    1067 |  37.0 |     110 |      48 |  30.4
            +---------+---------+-------+---------+---------+-------
        D:1 |      21 |       0 |   0.0 |      12 |       0 |   0.0
        D:2 |      88 |       0 |   0.0 |      28 |       0 |   0.0
        D:3 |     390 |      47 |  10.8 |      39 |       6 |  13.3
        D:4 |     813 |     874 |  51.8 |      18 |       2 |  10.0
        D:5 |     501 |       0 |   0.0 |      13 |       0 |   0.0
      Sewer |       0 |     146 | 100.0 |       0 |      40 | 100.0
            +---------+---------+-------+---------+---------+-------
